Sharks vs Sabres

Created - Tuesday, November 18, 2014 at 22:50

Goals
1 2 3 T
Sharks 3 1 0 4
Sabres 2 3 2 7
Shots
1 2 3 T
Sharks 15 7 10 32
Sabres 13 10 12 35

1st period

1. Sharks , Dion Phaneuf 8 (Brian Gionta, Olli Jokinen) at 5:09 (PP)
2. Sharks , Dion Phaneuf 9 (Olli Jokinen) at 5:40
3. Sabres , Dany Heatley 2 (Alex Pietrangelo, Chris Higgins) at 8:05
4. Sabres , Brooks Orpik 2 (Sidney Crosby, Steven Stamkos) at 11:57 (PP)
5. Sharks , Matt Read 5 (Rich Peverley, Henrik Sedin) at 16:21

Penalties :
Jay Harrison (SJ ) for Tripping (Minor) at 1:50, Steven Stamkos (Buf) for Hooking (Minor) at 4:46, Deryk Engelland (SJ ) for High sticking (Minor) at 11:51, Stephane Robidas (Buf) for Interference (Minor) at 16:24, David Perron (Buf) for Holding (Minor) at 19:34

2nd period

6. Sabres , Steven Stamkos 15 (Dwight King, Stephane Robidas) at 4:27
7. Sharks , Dion Phaneuf 10 (Olli Jokinen) at 12:42
8. Sabres , Henrik Zetterberg 11 (Blake Wheeler) at 16:54
9. Sabres , Alex Pietrangelo 2 (Henrik Zetterberg) at 19:51 (PP)

Penalties :
Henrik Sedin (SJ ) for Tripping (Minor) at 7:34, Steve Downie (Buf) for Roughing (Minor) at 10:05, Matt Bartkowski (Buf) for Hooking (Minor) at 13:17, Henrik Sedin (SJ ) for Hooking (Minor) at 18:41

3rd period

10. Sabres , Alec Martinez 2 (David Perron, Blake Wheeler) at 9:00 (PP)
11. Sabres , Matt Stajan 2 (Blake Wheeler, Jay Bouwmeester) at 11:00 (PP)

Penalties :
Olli Jokinen (SJ ) for Interference (Minor) at 8:07, Mike Green (SJ ) for Interference (Minor) at 10:30, Dany Heatley (Buf) for Interference (Minor) at 18:41

Goalie Stats

Antti Raanta (SJ ), 22 saves from 28 shots - (0.786), L, 2-9-1, 49:00 minutes
Viktor Fasth (SJ ), 6 saves from 7 shots - (0.857), 11:00 minutes
Evgeni Nabokov (Buf), 28 saves from 32 shots - (0.875), W, 5-5-0, 60:00 minutes

Players Stats for Sharks

Player Name              G  A  P  +/- PIM S  H  SB GA TA FO     MP     PP MP  PK MP  
------------------------------------------------------------------------------------
Adam Hall                0  0  0   0  0   0  0  1  0  1  9/13   16:10   0:22   3:35 
Alexandre Bolduc         0  0  0   0  0   0  0  0  0  0  0/1    14:51   0:00   0:57 
Andrew Ebbett            0  0  0  -1  0   0  1  0  0  0  0/0     6:14   0:00   0:00 
Blake Comeau             0  0  0  -1  0   0  1  0  0  0  2/2     6:14   0:00   0:00 
Brendan Mikkelson        0  0  0   0  0   0  0  0  0  0  0/0     3:36   0:00   0:00 
Brian Gionta             0  1  1   0  0   3  1  0  1  0  1/2    18:14   5:11   0:00 
Deryk Engelland          0  0  0   0  2   0  4  1  0  0  0/0    19:51   4:26   3:43 
Dion Phaneuf             3  0  3   1  0   9  1  5  2  5  0/0    26:48   5:19   3:49 
Erik Gustafsson          0  0  0   1  0   2  1  1  0  0  0/0    13:07   0:00   1:00 
Henrik Sedin             0  1  1   0  4   1  0  0  2  0  12/21  24:39   4:26   2:10 
Jay Harrison             0  0  0  -2  2   1  1  0  0  0  0/0    20:15   4:18   1:54 
Mark Fistric             0  0  0   1  0   2  0  0  0  0  0/0    12:06   0:00   0:00 
Matt Read                1  0  1   1  0   2  2  1  4  0  0/2    21:13   4:26   5:06 
Mike Green               0  0  0  -2  2   1  0  1  0  0  0/0    21:04   4:18   2:48 
Nathan Gerbe             0  0  0   0  0   1  0  0  4  0  0/1    12:51   0:23   0:00 
Nicklas Grossmann        0  0  0   1  0   5  1  1  0  1  0/0    19:23   5:19   0:00 
Olli Jokinen             0  3  3   0  2   2  0  0  6  0  7/14   19:52   5:11   0:43 
Rich Peverley            0  1  1   1  0   3  1  0  2  0  0/1    16:44   4:26   0:43 

Players Stats for Sabres

Player Name              G  A  P  +/- PIM S  H  SB GA TA FO     MP     PP MP  PK MP  
------------------------------------------------------------------------------------
Alec Martinez            1  0  1   0  0   1  0  2  0  1  0/0    13:22   1:48   0:52 
Alex Pietrangelo         1  1  2  -1  0   4  0  5  1  2  0/0    26:59   4:49   4:11 
Blake Wheeler            0  3  3   0  0   0  2  0  1  0  1/1    16:57   3:23   0:00 
Brooks Orpik             1  0  1  -1  0   1  1  1  0  1  0/0    22:33   1:48   5:18 
Chris Higgins            0  1  1   0  0   3  1  0  0  0  0/0    13:17   0:00   4:30 
Daniel Paille            0  0  0   0  0   0  0  2  0  1  1/3    12:17   0:00   5:07 
Dany Heatley             1  0  1   1  2   4  0  0  1  0  0/0     7:26   0:00   0:00 
David Perron             0  1  1   0  2   1  1  0  1  0  0/0    17:38   3:23   0:00 
Dwight King              0  1  1   0  0   1  1  1  0  0  0/1    13:50   0:00   0:00 
Henrik Zetterberg        1  1  2   0  0   5  1  0  4  1  7/15   17:06   3:14   0:00 
Jay Bouwmeester          0  1  1   1  0   2  1  4  2  5  0/0    28:17   4:49   5:26 
Marc-Andre Cliche        0  0  0  -1  0   0  0  0  1  0  2/11   11:13   0:00   4:30 
Matt Bartkowski          0  0  0   0  2   2  1  1  0  0  0/0    11:36   0:00   0:00 
Matt Stajan              1  0  1   1  0   2  2  0  0  1  6/9    17:50   3:23   5:07 
Sidney Crosby            0  1  1   0  0   2  0  0  0  0  9/17   17:28   3:14   0:00 
Stephane Robidas         0  1  1   1  2   1  0  2  0  2  0/0    18:56   0:00   3:27 
Steve Downie             0  0  0  -1  2   1  3  2  1  0  0/0     6:00   0:00   0:00 
Steven Stamkos           1  1  2   0  2   5  2  1  5  0  0/0    17:27   3:14   0:00 

3 Stars

1 - Dion Phaneuf (SJ )
2 - Blake Wheeler (Buf)
3 - Henrik Zetterberg (Buf)

Power Play

Sharks - 1 on 6 Attempt(s) - 16.67%
Sabres - 4 on 6 Attempt(s) - 66.67%

Penalty Kill

Sharks - 2 on 6 Attempt(s) - 33.33% - Score 0 goal in Penalty Kill
Sabres - 5 on 6 Attempt(s) - 83.33% - Score 0 goal in Penalty Kill

Official

Referees : Unknown
Linesman : Unknown

Game Notes

Dion Phaneuf has scored a Hat Trick!
Viktor Fasth enters game at 9:00 of 3rd period
Deryk Engelland is injured at 13:01 of 3rd period (Strained Groin)

Finance

Level 1 -- Attendance: 5826 (97.10%) -- Ticket Income $460,254
Level 2 -- Attendance: 5000 (100.00%) -- Ticket Income $235,000
Level 3 -- Attendance: 1890 (94.50%) -- Ticket Income $56,700
Level 4 -- Attendance: 4000 (100.00%) -- Ticket Income $60,000
Luxury Box -- Attendance: 1000 (100.00%) -- Ticket Income $180,000
Game was played at the HSBC Arena
Total Attendance: 17716 (98.42%)
Total Ticket Income: $991,954
Other Income: $486,057
Total Income: $1,478,011

Sharks

5 vs 5 Forward 
   Center                   Left Wing                Right Wing               Time % Phy DF OF 
 1 Henrik Sedin             Matt Read                Rich Peverley            35     1   2  2  
 2 Olli Jokinen             Alexandre Bolduc         Deryk Engelland          30     1   2  2  
 3 Adam Hall                Nathan Gerbe             Brian Gionta             22     1   2  2  
 4 Blake Comeau             Andrew Ebbett            Henrik Sedin             13     1   2  2  

5 vs 5 Defense 
   Defense                  Defense                                           Time % Phy DF OF 
 1 Dion Phaneuf             Nicklas Grossmann                                 35     1   2  2  
 2 Mike Green               Jay Harrison                                      30     1   2  2  
 3 Mark Fistric             Erik Gustafsson                                   22     1   2  2  
 4 Dion Phaneuf             Brendan Mikkelson                                 13     1   2  2  

PowerPlay Forward 
   Center                   Left Wing                Right Wing               Time % Phy DF OF 
 1 Henrik Sedin             Matt Read                Rich Peverley            60     1   2  2  
 2 Olli Jokinen             Brian Gionta             Deryk Engelland          40     1   2  2  

PowerPlay Defense
   Defense                  Defense                                           Time % Phy DF OF 
 1 Dion Phaneuf             Nicklas Grossmann                                 60     1   2  2  
 2 Mike Green               Jay Harrison                                      40     1   2  2  

Penalty Kill 4 Players Forward 
   Center                   Wing                     Time % Phy DF OF 
 1 Henrik Sedin             Matt Read                60     1   2  2  
 2 Olli Jokinen             Rich Peverley            40     1   2  2  

Penalty Kill 4 Players Defense
   Defense                  Defense                  Time % Phy DF OF 
 1 Dion Phaneuf             Deryk Engelland          60     1   2  2  
 2 Mike Green               Jay Harrison             40     1   2  2  

Penalty Kill - 3 Players Forward 
   Forward                                           Time % Phy DF OF 
 1 Henrik Sedin                                      60     1   2  2  
 2 Matt Read                                         40     1   2  2  

Penalty Kill - 3 Players Defense
   Defense                  Defense                  Time % Phy DF OF 
 1 Dion Phaneuf             Mark Fistric             60     1   2  2  
 2 Mike Green               Jay Harrison             40     1   2  2  

4 vs 4 Forward 
   Center                   Wing                     Time % Phy DF OF 
 1 Henrik Sedin             Matt Read                60     1   2  2  
 2 Olli Jokinen             Rich Peverley            40     1   2  2  

4 vs 4 Defense
   Defense                  Defense                  Time % Phy DF OF 
 1 Dion Phaneuf             Deryk Engelland          60     1   2  2  
 2 Mike Green               Jay Harrison             40     1   2  2  

Last Minutes Offensive
   Center                   Left Wing                Right Wing               Defense                  Defense                  
   Henrik Sedin             Matt Read                Rich Peverley            Dion Phaneuf             Nicklas Grossmann        

Last Minutes Defensive
   Center                   Left Wing                Right Wing               Defense                  Defense                  
   Henrik Sedin             Matt Read                Rich Peverley            Dion Phaneuf             Nicklas Grossmann        

Goaltenders
Starting : Antti Raanta             
Backup : Viktor Fasth             

Extra Forwards
Normal : Brian Gionta, Nathan Gerbe, Adam Hall - PP : Brian Gionta, Nathan Gerbe - PK : Adam Hall
Extra Defensemen
Normal : Mark Fistric, Erik Gustafsson, Deryk Engelland - PP : Mark Fistric - PK : Erik Gustafsson, Deryk Engelland
Penalty Shots
Henrik Sedin, Matt Read, Olli Jokinen, Rich Peverley, Deryk Engelland

Sabres

5 vs 5 Forward 
   Center                   Left Wing                Right Wing               Time % Phy DF OF 
 1 Sidney Crosby            Dwight King              Steven Stamkos           40     1   1  3  
 2 Henrik Zetterberg        David Perron             Blake Wheeler            37     0   1  4  
 3 Matt Stajan              Dany Heatley             Chris Higgins            15     1   2  2  
 4 Marc-Andre Cliche        Daniel Paille            Steve Downie             8      2   2  1  

5 vs 5 Defense 
   Defense                  Defense                                           Time % Phy DF OF 
 1 Brooks Orpik             Alex Pietrangelo                                  35     1   3  1  
 2 Jay Bouwmeester          Stephane Robidas                                  35     1   2  2  
 3 Alec Martinez            Matt Bartkowski                                   20     1   4  0  
 4 Jay Bouwmeester          Alex Pietrangelo                                  10     1   1  3  

PowerPlay Forward 
   Center                   Left Wing                Right Wing               Time % Phy DF OF 
 1 Sidney Crosby            Henrik Zetterberg        Steven Stamkos           60     0   0  5  
 2 Matt Stajan              David Perron             Blake Wheeler            40     0   0  5  

PowerPlay Defense
   Defense                  Defense                                           Time % Phy DF OF 
 1 Jay Bouwmeester          Alex Pietrangelo                                  60     0   2  3  
 2 Alec Martinez            Brooks Orpik                                      40     0   2  3  

Penalty Kill 4 Players Forward 
   Center                   Wing                     Time % Phy DF OF 
 1 Matt Stajan              Daniel Paille            50     1   4  0  
 2 Marc-Andre Cliche        Chris Higgins            50     2   3  0  

Penalty Kill 4 Players Defense
   Defense                  Defense                  Time % Phy DF OF 
 1 Brooks Orpik             Alex Pietrangelo         50     1   4  0  
 2 Stephane Robidas         Jay Bouwmeester          50     1   4  0  

Penalty Kill - 3 Players Forward 
   Forward                                           Time % Phy DF OF 
 1 Matt Stajan                                       50     1   2  2  
 2 Marc-Andre Cliche                                 50     1   2  2  

Penalty Kill - 3 Players Defense
   Defense                  Defense                  Time % Phy DF OF 
 1 Brooks Orpik             Alex Pietrangelo         50     1   4  0  
 2 Stephane Robidas         Jay Bouwmeester          50     1   4  0  

4 vs 4 Forward 
   Center                   Wing                     Time % Phy DF OF 
 1 Sidney Crosby            Blake Wheeler            50     0   1  4  
 2 Steven Stamkos           Henrik Zetterberg        50     1   1  3  

4 vs 4 Defense
   Defense                  Defense                  Time % Phy DF OF 
 1 Jay Bouwmeester          Alex Pietrangelo         50     1   2  2  
 2 Alec Martinez            Brooks Orpik             50     1   2  2  

Last Minutes Offensive
   Center                   Left Wing                Right Wing               Defense                  Defense                  
   Sidney Crosby            Henrik Zetterberg        Steven Stamkos           Brooks Orpik             Alex Pietrangelo         

Last Minutes Defensive
   Center                   Left Wing                Right Wing               Defense                  Defense                  
   Henrik Zetterberg        Dwight King              Chris Higgins            Brooks Orpik             Alex Pietrangelo         

Goaltenders
Starting : Evgeni Nabokov           
Backup : Josh Harding             

Extra Forwards
Normal : Steven Stamkos, Henrik Zetterberg, Dany Heatley - PP : David Perron, Steven Stamkos - PK : Daniel Paille
Extra Defensemen
Normal : Alex Pietrangelo, Stephane Robidas, Brooks Orpik - PP : Stephane Robidas - PK : Stephane Robidas, Brooks Orpik
Penalty Shots
Steven Stamkos, Sidney Crosby, Blake Wheeler, David Perron, Henrik Zetterberg

% Time on Ice - Sharks

Lines # - Real PCT - Wanted PCT - Time Play
Normal Forward
1 - 27% - 35% - 11:51
2 - 32% - 30% - 14:00
3 - 27% - 22% - 11:41
4 - 14% - 13% - 6:14
Normal Defense
1 - 32% - 35% - 14:05
2 - 32% - 30% - 13:59
3 - 28% - 22% - 12:06
4 - 8% - 13% - 3:36
PP Forward
1 - 46% - 60% - 4:26
2 - 54% - 40% - 5:11
PP Defense
1 - 55% - 60% - 5:19
2 - 45% - 40% - 4:18
PK Forward
1 - 89% - 60% - 5:54
2 - 11% - 40% - 0:43
PK Defense
1 - 58% - 60% - 3:49
2 - 42% - 40% - 2:48
PK3 Forward
1 - 0% - 60%
2 - 0% - 40%
PK3 Defense
1 - 0% - 60%
2 - 0% - 40%
44 Forward
1 - 0% - 60%
2 - 0% - 40%
44 Defense
1 - 0% - 60%
2 - 0% - 40%
Last Minute Offensive  - 0:00
Last Minute Defensive  - 0:00
Total
Forward - 60:00
Defense - 60:00

% Time on Ice - Sabres

Lines # - Real PCT - Wanted PCT - Time Play
Normal Forward
1 - 37% - 40% - 16:02
2 - 34% - 37% - 14:54
3 - 17% - 15% - 7:27
4 - 12% - 8% - 5:23
Normal Defense
1 - 36% - 35% - 15:57
2 - 35% - 35% - 15:31
3 - 23% - 20% - 10:16
4 - 5% - 10% - 2:02
PP Forward
1 - 49% - 60% - 3:14
2 - 51% - 40% - 3:23
PP Defense
1 - 73% - 60% - 4:49
2 - 27% - 40% - 1:48
PK Forward
1 - 53% - 50% - 5:07
2 - 47% - 50% - 4:30
PK Defense
1 - 44% - 50% - 4:11
2 - 56% - 50% - 5:26
PK3 Forward
1 - 0% - 50%
2 - 0% - 50%
PK3 Defense
1 - 0% - 50%
2 - 0% - 50%
44 Forward
1 - 0% - 50%
2 - 0% - 50%
44 Defense
1 - 0% - 50%
2 - 0% - 50%
Last Minute Offensive  - 0:00
Last Minute Defensive  - 0:00
Total
Forward - 60:00
Defense - 60:00

Play by Play

1st period


0:01 of 1st period - Henrik Sedin wins face-off versus Dwight King in neutral zone.
0:24 of 1st period - Snap shot by Rich Peverley.
0:24 of 1st period - Stopped by Evgeni Nabokov without a rebound.
0:25 of 1st period - Olli Jokinen wins face-off versus Henrik Zetterberg in Sabres zone.
0:34 of 1st period - Slapshot by Mike Green.
0:34 of 1st period - Shot Misses the Net.
1:16 of 1st period - Slapshot by Jay Bouwmeester.
1:16 of 1st period - Deflect By Dany Heatley.
1:16 of 1st period - Stopped by Antti Raanta with a rebound.
1:18 of 1st period - Wrist shot by Chris Higgins.
1:18 of 1st period - Shot Misses the Net.
1:20 of 1st period - Slapshot by Matt Bartkowski.
1:20 of 1st period - Shot Blocked by Mike Green.
1:50 of 1st period - Minor Penalty to Jay Harrison for Tripping.
1:51 of 1st period - Henrik Sedin wins face-off versus Sidney Crosby in Sharks zone.
1:51 of 1st period - Henrik Sedin is hit by Henrik Zetterberg.
2:09 of 1st period - Snap shot by Steven Stamkos.
2:09 of 1st period - Stopped by Antti Raanta with a rebound.
2:45 of 1st period - Henrik Sedin is hit by Matt Stajan and loses puck.
3:05 of 1st period - Erik Gustafsson is hit by David Perron and loses puck.
3:50 of 1st period - Penalty to Jay Harrison is over, Jay Harrison is back on ice.
4:20 of 1st period - Wrist shot by Brian Gionta.
4:20 of 1st period - Shot Misses the Net.
4:22 of 1st period - Wrist shot by Adam Hall.
4:22 of 1st period - Shot Misses the Net.
4:46 of 1st period - Minor Penalty to Steven Stamkos for Hooking.
4:47 of 1st period - Marc-Andre Cliche wins face-off versus Olli Jokinen in Sabres zone.
4:47 of 1st period - Marc-Andre Cliche is hit by Brian Gionta.
5:09 of 1st period - Snap shot by Dion Phaneuf.
5:09 of 1st period - Goal by Dion Phaneuf - Sharks : 1 - Sabres : 0.
5:10 of 1st period - Sidney Crosby wins face-off versus Henrik Sedin in neutral zone.
5:34 of 1st period - Snap shot by Henrik Sedin.
5:34 of 1st period - Stopped by Evgeni Nabokov with a rebound.
5:36 of 1st period - Snap shot by Rich Peverley.
5:36 of 1st period - Shot Misses the Net.
5:38 of 1st period - Slapshot by Erik Gustafsson.
5:38 of 1st period - Stopped by Evgeni Nabokov without a rebound.
5:39 of 1st period - Olli Jokinen wins face-off versus Henrik Zetterberg in Sabres zone.
5:40 of 1st period - Slapshot by Dion Phaneuf.
5:40 of 1st period - Goal by Dion Phaneuf - Sharks : 2 - Sabres : 0.
5:41 of 1st period - Henrik Zetterberg wins face-off versus Henrik Sedin in neutral zone.
5:44 of 1st period - Dion Phaneuf is hit by Brooks Orpik and loses puck.
6:53 of 1st period - Icing by Dwight King.
6:54 of 1st period - Sidney Crosby wins face-off versus Nathan Gerbe in Sabres zone.
7:10 of 1st period - Wrist shot by Steven Stamkos.
7:10 of 1st period - Shot Misses the Net.
7:28 of 1st period - Snap shot by Brian Gionta.
7:28 of 1st period - Shot Blocked by Stephane Robidas.
7:30 of 1st period - Snap shot by Adam Hall.
7:30 of 1st period - Shot Misses the Net.
8:01 of 1st period - Slapshot by Dany Heatley.
8:01 of 1st period - Stopped by Antti Raanta with a rebound.
8:03 of 1st period - Snap shot by Chris Higgins.
8:03 of 1st period - Stopped by Antti Raanta with a rebound.
8:05 of 1st period - Slapshot by Alex Pietrangelo.
8:05 of 1st period - Deflect By Dany Heatley.
8:05 of 1st period - Goal by Dany Heatley - Sharks : 2 - Sabres : 1.
8:06 of 1st period - Blake Wheeler wins face-off versus Olli Jokinen in neutral zone.
9:27 of 1st period - Slapshot by Chris Higgins.
9:27 of 1st period - Shot Blocked by Dion Phaneuf.
10:05 of 1st period - Slapshot by Steve Downie.
10:05 of 1st period - Stopped by Antti Raanta without a rebound.
10:06 of 1st period - Sidney Crosby wins face-off versus Adam Hall in Sharks zone.
10:13 of 1st period - Backhand shot by Steven Stamkos.
10:13 of 1st period - Stopped by Antti Raanta without a rebound.
10:14 of 1st period - Sidney Crosby wins face-off versus Adam Hall in Sharks zone.
10:21 of 1st period - Snap shot by Steven Stamkos.
10:21 of 1st period - Shot Blocked by Erik Gustafsson.
10:23 of 1st period - Slapshot by Alex Pietrangelo.
10:23 of 1st period - Stopped by Antti Raanta with a rebound.
10:25 of 1st period - Wrist shot by Dwight King.
10:25 of 1st period - Deflect By Steven Stamkos.
10:25 of 1st period - Stopped by Antti Raanta with a rebound.
11:10 of 1st period - Wrist shot by Blake Wheeler.
11:10 of 1st period - Shot Misses the Net.
11:12 of 1st period - Slapshot by Jay Bouwmeester.
11:12 of 1st period - Shot Misses the Net.
11:14 of 1st period - Slapshot by Jay Bouwmeester.
11:14 of 1st period - Deflect By Henrik Zetterberg.
11:14 of 1st period - Stopped by Antti Raanta without a rebound.
11:15 of 1st period - Henrik Zetterberg wins face-off versus Olli Jokinen in Sharks zone.
11:28 of 1st period - Snap shot by David Perron.
11:28 of 1st period - Shot Blocked by Deryk Engelland.
11:30 of 1st period - Slapshot by Stephane Robidas.
11:30 of 1st period - Deflect By Mike Green.
11:30 of 1st period - Stopped by Antti Raanta with a rebound.
11:51 of 1st period - Minor Penalty to Deryk Engelland for High sticking.
11:52 of 1st period - Sidney Crosby wins face-off versus Henrik Sedin in Sharks zone.
11:53 of 1st period - Slapshot by Steven Stamkos.
11:53 of 1st period - Shot Blocked by Matt Read.
11:55 of 1st period - Snap shot by Sidney Crosby.
11:55 of 1st period - Shot Misses the Net.
11:57 of 1st period - Slapshot by Brooks Orpik.
11:57 of 1st period - Goal by Brooks Orpik - Sharks : 2 - Sabres : 2.
11:58 of 1st period - Henrik Sedin wins face-off versus Sidney Crosby in neutral zone.
12:25 of 1st period - Wrist shot by Rich Peverley.
12:25 of 1st period - Shot Blocked by Dwight King.
12:45 of 1st period - Snap shot by Dion Phaneuf.
12:45 of 1st period - Shot Misses the Net.
12:47 of 1st period - Wrist shot by Nicklas Grossmann.
12:47 of 1st period - Deflect By Sidney Crosby.
12:47 of 1st period - Stopped by Evgeni Nabokov with a rebound.
12:49 of 1st period - Snap shot by Nicklas Grossmann.
12:49 of 1st period - Stopped by Evgeni Nabokov with a rebound.
12:51 of 1st period - Slapshot by Mark Fistric.
12:51 of 1st period - Deflect By Alex Pietrangelo.
12:51 of 1st period - Stopped by Evgeni Nabokov with a rebound.
12:57 of 1st period - Wrist shot by Olli Jokinen.
12:57 of 1st period - Stopped by Evgeni Nabokov without a rebound.
12:58 of 1st period - Henrik Zetterberg wins face-off versus Olli Jokinen in Sabres zone.
13:05 of 1st period - Snap shot by Blake Wheeler.
13:05 of 1st period - Shot Misses the Net.
13:55 of 1st period - Wrist shot by Dany Heatley.
13:55 of 1st period - Stopped by Antti Raanta without a rebound.
13:56 of 1st period - Blake Comeau wins face-off versus Matt Stajan in Sharks zone.
14:20 of 1st period - Slapshot by Brooks Orpik.
14:20 of 1st period - Deflect By Dany Heatley.
14:20 of 1st period - Shot Misses the Net.
14:20 of 1st period - Puck is out of play.
14:21 of 1st period - Adam Hall wins face-off versus Marc-Andre Cliche in Sharks zone.
14:21 of 1st period - Adam Hall is hit by Steve Downie.
15:24 of 1st period - Brooks Orpik is hit by Deryk Engelland and loses puck.
16:03 of 1st period - Snap shot by Rich Peverley.
16:03 of 1st period - Stopped by Evgeni Nabokov with a rebound.
16:05 of 1st period - Slapshot by Dion Phaneuf.
16:05 of 1st period - Stopped by Evgeni Nabokov with a rebound.
16:21 of 1st period - Slapshot by Matt Read.
16:21 of 1st period - Goal by Matt Read - Sharks : 3 - Sabres : 2.
16:22 of 1st period - Henrik Zetterberg wins face-off versus Brian Gionta in neutral zone.
16:24 of 1st period - Minor Penalty to Stephane Robidas for Interference.
16:25 of 1st period - Matt Stajan wins face-off versus Henrik Sedin in Sabres zone.
17:15 of 1st period - Wrist shot by Olli Jokinen.
17:15 of 1st period - Shot Misses the Net.
17:17 of 1st period - Snap shot by Jay Harrison.
17:17 of 1st period - Shot Blocked by Brooks Orpik.
17:29 of 1st period - Snap shot by Brian Gionta.
17:29 of 1st period - Stopped by Evgeni Nabokov with a rebound.
17:31 of 1st period - Snap shot by Jay Harrison.
17:31 of 1st period - Stopped by Evgeni Nabokov without a rebound.
17:32 of 1st period - Marc-Andre Cliche wins face-off versus Henrik Sedin in Sabres zone.
17:48 of 1st period - Slapshot by Mike Green.
17:48 of 1st period - Shot Misses the Net.
17:50 of 1st period - Slapshot by Mike Green.
17:50 of 1st period - Shot Misses the Net.
18:24 of 1st period - Penalty to Stephane Robidas is over, Stephane Robidas is back on ice.
19:06 of 1st period - Wrist shot by Brian Gionta.
19:06 of 1st period - Stopped by Evgeni Nabokov without a rebound.
19:07 of 1st period - Adam Hall wins face-off versus Henrik Zetterberg in Sabres zone.
19:34 of 1st period - Minor Penalty to David Perron for Holding.
19:35 of 1st period - Henrik Sedin wins face-off versus Marc-Andre Cliche in Sabres zone.
Goals for this period are 3 for Sharks vs 2 for Sabres.
Shots for this period are 15 for Sharks vs 13 for Sabres.

2nd period


0:01 of 2nd period - Matt Stajan wins face-off versus Henrik Sedin in neutral zone.
0:04 of 2nd period - Slapshot by Alex Pietrangelo.
0:04 of 2nd period - Stopped by Antti Raanta without a rebound.
0:05 of 2nd period - Matt Stajan wins face-off versus Henrik Sedin in Sharks zone.
0:14 of 2nd period - Slapshot by Dion Phaneuf.
0:14 of 2nd period - Shot Blocked by Daniel Paille.
0:30 of 2nd period - Snap shot by Rich Peverley.
0:30 of 2nd period - Stopped by Evgeni Nabokov with a rebound.
0:32 of 2nd period - Backhand shot by Dion Phaneuf.
0:32 of 2nd period - Shot Blocked by Alex Pietrangelo.
0:40 of 2nd period - Slapshot by Dion Phaneuf.
0:40 of 2nd period - Stopped by Evgeni Nabokov with a rebound.
0:42 of 2nd period - Slapshot by Nicklas Grossmann.
0:42 of 2nd period - Stopped by Evgeni Nabokov with a rebound.
0:56 of 2nd period - Snap shot by Brian Gionta.
0:56 of 2nd period - Shot Misses the Net.
0:58 of 2nd period - Slapshot by Mike Green.
0:58 of 2nd period - Shot Blocked by Daniel Paille.
1:00 of 2nd period - Slapshot by Mike Green.
1:00 of 2nd period - Shot Blocked by Alex Pietrangelo.
1:04 of 2nd period - Wrist shot by Brian Gionta.
1:04 of 2nd period - Stopped by Evgeni Nabokov with a rebound.
1:06 of 2nd period - Slapshot by Mike Green.
1:06 of 2nd period - Deflect By Brian Gionta.
1:06 of 2nd period - Shot Blocked by Alex Pietrangelo.
1:06 of 2nd period - Puck is out of play.
1:07 of 2nd period - Daniel Paille wins face-off versus Olli Jokinen in Sabres zone.
1:34 of 2nd period - Penalty to David Perron is over, David Perron is back on ice.
1:58 of 2nd period - Mike Green is hit by Chris Higgins and loses puck.
2:05 of 2nd period - Stephane Robidas is hit by Andrew Ebbett and loses puck.
2:30 of 2nd period - Slapshot by Dion Phaneuf.
2:30 of 2nd period - Stopped by Evgeni Nabokov with a rebound.
2:32 of 2nd period - Slapshot by Dion Phaneuf.
2:32 of 2nd period - Shot Blocked by Matt Bartkowski.
2:34 of 2nd period - Slapshot by Dion Phaneuf.
2:34 of 2nd period - Shot Blocked by Steven Stamkos.
2:36 of 2nd period - Slapshot by Nicklas Grossmann.
2:36 of 2nd period - Shot Blocked by Alec Martinez.
3:29 of 2nd period - Slapshot by Erik Gustafsson.
3:29 of 2nd period - Shot Blocked by Alec Martinez.
3:31 of 2nd period - Slapshot by Mark Fistric.
3:31 of 2nd period - Stopped by Evgeni Nabokov without a rebound.
3:32 of 2nd period - Matt Stajan wins face-off versus Matt Read in Sabres zone.
3:53 of 2nd period - Brooks Orpik is hit by Matt Read and loses puck.
4:23 of 2nd period - Snap shot by Steven Stamkos.
4:23 of 2nd period - Deflect By Jay Harrison.
4:23 of 2nd period - Stopped by Antti Raanta with a rebound.
4:25 of 2nd period - Wrist shot by Stephane Robidas.
4:25 of 2nd period - Shot Misses the Net.
4:27 of 2nd period - Slapshot by Dwight King.
4:27 of 2nd period - Deflect By Steven Stamkos.
4:27 of 2nd period - Goal by Steven Stamkos - Sharks : 3 - Sabres : 3.
4:28 of 2nd period - Adam Hall wins face-off versus Marc-Andre Cliche in neutral zone.
4:47 of 2nd period - Slapshot by Dion Phaneuf.
4:47 of 2nd period - Deflect By Nathan Gerbe.
4:47 of 2nd period - Shot Blocked by Jay Bouwmeester.
4:47 of 2nd period - Puck is out of play.
4:48 of 2nd period - Adam Hall wins face-off versus Marc-Andre Cliche in Sabres zone.
5:29 of 2nd period - Wrist shot by Henrik Zetterberg.
5:29 of 2nd period - Shot Blocked by Dion Phaneuf.
5:31 of 2nd period - Slapshot by Jay Bouwmeester.
5:31 of 2nd period - Shot Blocked by Nicklas Grossmann.
5:39 of 2nd period - Henrik Zetterberg is hit by Deryk Engelland and loses puck.
6:12 of 2nd period - Dwight King is hit by Matt Read.
7:34 of 2nd period - Minor Penalty to Henrik Sedin for Tripping.
7:35 of 2nd period - Sidney Crosby wins face-off versus Adam Hall in Sharks zone.
7:52 of 2nd period - Adam Hall is hit by Steven Stamkos and loses puck.
8:25 of 2nd period - Matt Read is hit by Blake Wheeler and loses puck.
9:34 of 2nd period - Penalty to Henrik Sedin is over, Henrik Sedin is back on ice.
10:05 of 2nd period - Minor Penalty to Steve Downie for Roughing.
10:06 of 2nd period - Brian Gionta wins face-off versus Marc-Andre Cliche in Sabres zone.
10:21 of 2nd period - Slapshot by Jay Bouwmeester.
10:21 of 2nd period - Shot Misses the Net.
11:19 of 2nd period - Off-side.
11:20 of 2nd period - Olli Jokinen wins face-off versus Marc-Andre Cliche in neutral zone.
11:37 of 2nd period - Brooks Orpik is hit by Deryk Engelland and loses puck.
12:05 of 2nd period - Penalty to Steve Downie is over, Steve Downie is back on ice.
12:38 of 2nd period - Wrist shot by Olli Jokinen.
12:38 of 2nd period - Shot Hit the Post.
12:40 of 2nd period - Slapshot by Dion Phaneuf.
12:40 of 2nd period - Shot Blocked by Jay Bouwmeester.
12:42 of 2nd period - Slapshot by Dion Phaneuf.
12:42 of 2nd period - Goal by Dion Phaneuf - Sharks : 4 - Sabres : 3.
12:43 of 2nd period - Adam Hall wins face-off versus Sidney Crosby in neutral zone.
12:50 of 2nd period - Snap shot by Nathan Gerbe.
12:50 of 2nd period - Shot Misses the Net.
13:02 of 2nd period - Wrist shot by Sidney Crosby.
13:02 of 2nd period - Stopped by Antti Raanta with a rebound.
13:04 of 2nd period - Wrist shot by Matt Bartkowski.
13:04 of 2nd period - Shot Misses the Net.
13:06 of 2nd period - Slapshot by Matt Bartkowski.
13:06 of 2nd period - Stopped by Antti Raanta with a rebound.
13:08 of 2nd period - Slapshot by Matt Bartkowski.
13:08 of 2nd period - Shot Misses the Net.
13:10 of 2nd period - Slapshot by Dwight King.
13:10 of 2nd period - Stopped by Antti Raanta with a rebound.
13:17 of 2nd period - Minor Penalty to Matt Bartkowski for Hooking.
13:18 of 2nd period - Henrik Sedin wins face-off versus Matt Stajan in Sabres zone.
14:44 of 2nd period - Snap shot by Jay Bouwmeester.
14:44 of 2nd period - Stopped by Antti Raanta without a rebound.
14:45 of 2nd period - Henrik Sedin wins face-off versus Marc-Andre Cliche in Sharks zone.
15:17 of 2nd period - Penalty to Matt Bartkowski is over, Matt Bartkowski is back on ice.
15:21 of 2nd period - Dion Phaneuf is hit by Matt Stajan and loses puck.
16:13 of 2nd period - Matt Stajan is hit by Erik Gustafsson and loses puck.
16:54 of 2nd period - Snap shot by Henrik Zetterberg.
16:54 of 2nd period - Goal by Henrik Zetterberg - Sharks : 4 - Sabres : 4.
16:55 of 2nd period - Henrik Sedin wins face-off versus Henrik Zetterberg in neutral zone.
16:58 of 2nd period - Stephane Robidas is hit by Rich Peverley and loses puck.
17:09 of 2nd period - Jay Bouwmeester is hit by Jay Harrison and loses puck.
17:52 of 2nd period - Nicklas Grossmann is hit by Dwight King.
18:33 of 2nd period - Wrist shot by Matt Stajan.
18:33 of 2nd period - Stopped by Antti Raanta with a rebound.
18:41 of 2nd period - Minor Penalty to Henrik Sedin for Hooking.
18:42 of 2nd period - Adam Hall wins face-off versus Sidney Crosby in Sharks zone.
19:29 of 2nd period - Matt Stajan is hit by Dion Phaneuf and loses puck.
19:36 of 2nd period - David Perron is hit by Deryk Engelland and loses puck.
19:51 of 2nd period - Slapshot by Alex Pietrangelo.
19:51 of 2nd period - Goal by Alex Pietrangelo - Sharks : 4 - Sabres : 5.
19:52 of 2nd period - Blake Comeau wins face-off versus Marc-Andre Cliche in neutral zone.
Goals for this period are 1 for Sharks vs 3 for Sabres.
Shots for this period are 7 for Sharks vs 10 for Sabres.

3rd period


0:01 of 3rd period - Henrik Zetterberg wins face-off versus Rich Peverley in neutral zone.
0:04 of 3rd period - Wrist shot by Henrik Zetterberg.
0:04 of 3rd period - Stopped by Antti Raanta without a rebound.
0:05 of 3rd period - Henrik Zetterberg wins face-off versus Henrik Sedin in Sharks zone.
0:30 of 3rd period - Snap shot by Henrik Zetterberg.
0:30 of 3rd period - Stopped by Antti Raanta without a rebound.
0:31 of 3rd period - Olli Jokinen wins face-off versus Sidney Crosby in Sharks zone.
0:38 of 3rd period - Slapshot by Mike Green.
0:38 of 3rd period - Stopped by Evgeni Nabokov with a rebound.
2:15 of 3rd period - Henrik Sedin is hit by Blake Wheeler and loses puck.
2:31 of 3rd period - Off-side.
2:32 of 3rd period - Adam Hall wins face-off versus Marc-Andre Cliche in neutral zone.
2:42 of 3rd period - Brian Gionta is hit by Matt Bartkowski and loses puck.
3:00 of 3rd period - Adam Hall is hit by Steve Downie and loses puck.
3:05 of 3rd period - Wrist shot by Steve Downie.
3:05 of 3rd period - Shot Misses the Net.
3:07 of 3rd period - Slapshot by Matt Bartkowski.
3:07 of 3rd period - Shot Blocked by Adam Hall.
3:09 of 3rd period - Slapshot by Matt Bartkowski.
3:09 of 3rd period - Stopped by Antti Raanta without a rebound.
3:10 of 3rd period - Sidney Crosby wins face-off versus Henrik Sedin in Sharks zone.
3:36 of 3rd period - Snap shot by Rich Peverley.
3:36 of 3rd period - Shot Misses the Net.
4:15 of 3rd period - Snap shot by Blake Wheeler.
4:15 of 3rd period - Shot Blocked by Dion Phaneuf.
5:38 of 3rd period - Wrist shot by Nathan Gerbe.
5:38 of 3rd period - Stopped by Evgeni Nabokov without a rebound.
5:39 of 3rd period - Olli Jokinen wins face-off versus Daniel Paille in Sabres zone.
5:46 of 3rd period - Alexandre Bolduc is hit by Steve Downie and loses puck.
8:07 of 3rd period - Minor Penalty to Olli Jokinen for Interference.
8:08 of 3rd period - Adam Hall wins face-off versus Sidney Crosby in Sharks zone.
8:46 of 3rd period - Icing by David Perron.
8:47 of 3rd period - Matt Stajan wins face-off versus Matt Read in Sabres zone.
8:56 of 3rd period - Wrist shot by David Perron.
8:56 of 3rd period - Stopped by Antti Raanta with a rebound.
8:58 of 3rd period - Slapshot by Alec Martinez.
8:58 of 3rd period - Shot Blocked by Dion Phaneuf.
9:00 of 3rd period - Slapshot by Alec Martinez.
9:00 of 3rd period - Goal by Alec Martinez - Sharks : 4 - Sabres : 6.
9:00 of 3rd period - Viktor Fasth enters game.
9:01 of 3rd period - Henrik Zetterberg wins face-off versus Alexandre Bolduc in neutral zone.
9:15 of 3rd period - Off-side.
9:16 of 3rd period - Olli Jokinen wins face-off versus Henrik Zetterberg in neutral zone.
9:23 of 3rd period - Snap shot by Olli Jokinen.
9:23 of 3rd period - Stopped by Evgeni Nabokov with a rebound.
9:45 of 3rd period - Wrist shot by Henrik Zetterberg.
9:45 of 3rd period - Stopped by Viktor Fasth without a rebound.
9:46 of 3rd period - Adam Hall wins face-off versus Sidney Crosby in Sharks zone.
10:17 of 3rd period - Snap shot by Sidney Crosby.
10:17 of 3rd period - Stopped by Viktor Fasth with a rebound.
10:30 of 3rd period - Minor Penalty to Mike Green for Interference.
10:31 of 3rd period - Henrik Sedin wins face-off versus Matt Stajan in Sharks zone.
10:31 of 3rd period - Henrik Sedin is hit by Jay Bouwmeester.
10:46 of 3rd period - Slapshot by Jay Bouwmeester.
10:46 of 3rd period - Shot Blocked by Dion Phaneuf.
10:48 of 3rd period - Slapshot by Jay Bouwmeester.
10:48 of 3rd period - Stopped by Viktor Fasth with a rebound.
10:50 of 3rd period - Slapshot by Alex Pietrangelo.
10:50 of 3rd period - Stopped by Viktor Fasth with a rebound.
11:00 of 3rd period - Wrist shot by Matt Stajan.
11:00 of 3rd period - Goal by Matt Stajan - Sharks : 4 - Sabres : 7.
11:01 of 3rd period - Sidney Crosby wins face-off versus Olli Jokinen in neutral zone.
11:18 of 3rd period - Slapshot by Dion Phaneuf.
11:18 of 3rd period - Shot Blocked by Stephane Robidas.
11:20 of 3rd period - Slapshot by Nicklas Grossmann.
11:20 of 3rd period - Shot Misses the Net.
11:22 of 3rd period - Slapshot by Nicklas Grossmann.
11:22 of 3rd period - Shot Misses the Net.
11:24 of 3rd period - Slapshot by Dion Phaneuf.
11:24 of 3rd period - Stopped by Evgeni Nabokov without a rebound.
11:25 of 3rd period - Henrik Sedin wins face-off versus Henrik Zetterberg in Sabres zone.
11:32 of 3rd period - Slapshot by Henrik Sedin.
11:32 of 3rd period - Shot Blocked by Alex Pietrangelo.
11:34 of 3rd period - Slapshot by Jay Harrison.
11:34 of 3rd period - Deflect By Rich Peverley.
11:34 of 3rd period - Shot Misses the Net.
11:34 of 3rd period - Puck is out of play.
11:35 of 3rd period - Henrik Sedin wins face-off versus Henrik Zetterberg in Sabres zone.
12:27 of 3rd period - Slapshot by Dion Phaneuf.
12:27 of 3rd period - Deflect By Olli Jokinen.
12:27 of 3rd period - Shot Misses the Net.
12:27 of 3rd period - Puck is out of play.
12:28 of 3rd period - Olli Jokinen wins face-off versus Sidney Crosby in Sabres zone.
13:00 of 3rd period - Deryk Engelland is hit by Steven Stamkos and loses puck.
13:01 of 3rd period - Deryk Engelland from Sharks is injured at 13:01 of 3rd period (Strained Groin).
13:02 of 3rd period - Henrik Sedin wins face-off versus Henrik Zetterberg in Sharks zone.
13:23 of 3rd period - Slapshot by Dion Phaneuf.
13:23 of 3rd period - Stopped by Evgeni Nabokov with a rebound.
13:55 of 3rd period - Henrik Zetterberg is hit by Nicklas Grossmann and loses puck.
14:52 of 3rd period - Chris Higgins is hit by Blake Comeau.
14:53 of 3rd period - Icing by Chris Higgins.
14:54 of 3rd period - Matt Stajan wins face-off versus Adam Hall in Sabres zone.
15:21 of 3rd period - Slapshot by Chris Higgins.
15:21 of 3rd period - Stopped by Viktor Fasth with a rebound.
15:25 of 3rd period - Wrist shot by Chris Higgins.
15:25 of 3rd period - Stopped by Viktor Fasth with a rebound.
16:01 of 3rd period - Snap shot by Olli Jokinen.
16:01 of 3rd period - Shot Hit the Post.
16:03 of 3rd period - Slapshot by Dion Phaneuf.
16:03 of 3rd period - Deflect By Brooks Orpik.
16:03 of 3rd period - Stopped by Evgeni Nabokov with a rebound.
16:25 of 3rd period - Snap shot by Matt Read.
16:25 of 3rd period - Shot Blocked by Steve Downie.
16:27 of 3rd period - Wrist shot by Matt Read.
16:27 of 3rd period - Stopped by Evgeni Nabokov with a rebound.
16:29 of 3rd period - Wrist shot by Dion Phaneuf.
16:29 of 3rd period - Shot Blocked by Alex Pietrangelo.
16:31 of 3rd period - Backhand shot by Nicklas Grossmann.
16:31 of 3rd period - Shot Blocked by Steve Downie.
16:33 of 3rd period - Wrist shot by Matt Read.
16:33 of 3rd period - Deflect By Rich Peverley.
16:33 of 3rd period - Shot Misses the Net.
16:33 of 3rd period - Puck is out of play.
16:34 of 3rd period - Sidney Crosby wins face-off versus Olli Jokinen in Sabres zone.
16:57 of 3rd period - Snap shot by Sidney Crosby.
16:57 of 3rd period - Shot Misses the Net.
18:07 of 3rd period - Wrist shot by Henrik Sedin.
18:07 of 3rd period - Shot Misses the Net.
18:09 of 3rd period - Slapshot by Erik Gustafsson.
18:09 of 3rd period - Stopped by Evgeni Nabokov with a rebound.
18:41 of 3rd period - Minor Penalty to Dany Heatley for Interference.
18:42 of 3rd period - Henrik Sedin wins face-off versus Daniel Paille in Sabres zone.
19:22 of 3rd period - Backhand shot by Nicklas Grossmann.
19:22 of 3rd period - Stopped by Evgeni Nabokov with a rebound.
19:24 of 3rd period - Snap shot by Nathan Gerbe.
19:24 of 3rd period - Shot Blocked by Jay Bouwmeester.
19:26 of 3rd period - Wrist shot by Nicklas Grossmann.
19:26 of 3rd period - Stopped by Evgeni Nabokov with a rebound.
19:28 of 3rd period - Slapshot by Dion Phaneuf.
19:28 of 3rd period - Shot Blocked by Jay Bouwmeester.
Goals for this period are 0 for Sharks vs 2 for Sabres.
Shots for this period are 10 for Sharks vs 12 for Sabres.


Output by the SimonT Hockey Simulator (STHS) for Eric Dolegowski -- Original Page W3C XHTML 1.0 Valid
Hockey Simulator - Hockey Simulation - Hockey Manager